 Dungeon Crawl Stone Soup version 0.30-a0-365-ge7f957f1db (webtiles) character file.

Game seed: 7008109039944984603

142 qeuew the Ruffian (level 5, -4/49 HPs)
             Began as a Troll Gladiator on Nov 16, 2022.
             Slain by Duvessa
             ... wielding a +3 short sword of speed
              (7 damage)
             ... on level 4 of the Dungeon.
             The game lasted 00:02:35 (1963 turns).

qeuew the Ruffian (Troll Gladiator)                 Turns: 1963, Time: 00:02:36

Health: -4/49      AC:  4    Str: 22      XL:     5   Next: 4%
Magic:  4/4        EV: 10    Int:  3 (4)  God:
Gold:   167        SH:  0    Dex: 13      Spells: 4/4 levels left

rFire   . . .      SeeInvis .      - Unarmed
rCold   . . .      Faith    .    (no shield)
rNeg    . . .      Spirit   .    a - +0 robe
rPois   .          Reflect  .    b - +0 hat
rElec   .          Harm     .    (no cloak)
rCorr   .          Rampage  .    (gloves unavailable)
Will    .....                    (boots unavailable)
Stlth   +.........               (no amulet)
HPRegen 1.08/turn                (no ring)
MPRegen 0.09/turn                (no ring)

@: no status effects
A: large, unfitting armour, claws 3, regeneration 1, shaggy fur 1, tough skin 1
a: no special abilities


You were on level 4 of the Dungeon.
You visited 1 branch of the dungeon, and saw 4 of its levels.

You collected 167 gold pieces.

Inventory:

Missiles
 c - 3 throwing nets (quivered)
 d - a large rock
Armour
 a - a +0 robe (worn)
 b - a +0 hat (worn)
Scrolls
 e - a scroll of brand weapon
 f - a scroll of silence {unknown}
 h - a scroll of identify {unknown}
 i - a scroll of fear
Potions
 g - a potion of might


   Skills:
 + Level 2.3 Fighting
 + Level 2.6 Throwing
 + Level 3.0 Dodging
 * Level 4.3 Unarmed Combat


You had 4 spell levels left.
You didn't know any spells.
Your spell library contained the following spells:

 Spells                   Type           Power      Damage    Failure   Level
 Ensorcelled Hibernation  Hex/Ice        0%         N/A       67%         2
 Spider Form              Tmut/Pois      0%         N/A       88%         3
 Anguish                  Hex/Necr       0%         N/A       99%         4


Dungeon Overview and Level Annotations

Branches:
Dungeon (4/15)
 Temple: D:4-7

Altars:
Qazlal

Annotations:
D:3 2 transporters, qeuew's ghost, amateur DsFi
D:4 Dowan; Duvessa; Ijyb


Innate Abilities, Weirdness & Mutations

You are too large for most types of armour.
You have claws for hands.
Your natural rate of healing is unusually fast.
You are covered in fur. (AC +1)
You have tough skin. (AC +1)


Message History

Ijyb hits you with a +0 dagger.
You closely miss Ijyb.
Ijyb is moderately wounded.
Ijyb misses you. Dowan closely misses you. Duvessa hits you but does no damage.
You scratch Ijyb.
Ijyb is heavily wounded.
Duvessa hits you with a +3 short sword of speed!
Ijyb hits you with a +0 dagger. Dowan closely misses you.
You scratch Ijyb.
Ijyb is heavily wounded.
Duvessa barely misses you. Ijyb hits you with a +0 dagger.
Dowan says, "There's a certain beauty in death, don't you think?"
Dowan casts a spell at you. You resist with some effort.
You barely miss Ijyb.
Ijyb is heavily wounded.
Duvessa barely misses you. Duvessa misses you.
You scratch Ijyb.
Ijyb is severely wounded.
Ijyb closely misses you. Dowan barely misses you.
Duvessa hits you with a +3 short sword of speed!
You scratch Ijyb but do no damage.
Ijyb is severely wounded.
Ijyb screams, "No!
No, no, no, no!"
Ijyb hits you with a +0 dagger.
Dowan points at Duvessa and mumbles some strange words.
Duvessa seems to speed up.
Duvessa hits you with a +3 short sword of speed!
* * * LOW HITPOINT WARNING * * *
Duvessa closely misses you.
You closely miss Ijyb.
Ijyb is severely wounded.
Duvessa hits you with a +3 short sword of speed.
* * * LOW HITPOINT WARNING * * *
Ijyb hits you with a +0 dagger.
* * * LOW HITPOINT WARNING * * *
Dowan hits you with a +0 dagger!
* * * LOW HITPOINT WARNING * * *
Duvessa hits you with a +3 short sword of speed!
You die...

...............
..............[.
................
................
................
................
......g.e.......
.......@e.......
...................
...................
...................
........!..........
...................
...................
...........†.......
...................


You could see Duvessa (fast), Ijyb and Dowan.

Vanquished Creatures
  A hound (D:4)
  An orc wizard (D:3)
  3 adders
  2 dart slugs
  4 orcs (D:3)
  4 ball pythons
  3 bats
  7 endoplasms
  3 giant cockroaches
  4 goblins
  3 hobgoblins
  6 kobolds
  3 quokkas
  3 frilled lizards
  2 rats
49 creatures vanquished.

Notes
Turn   | Place    | Note
-------+----------+-------------------------------------------
     0 | D:1      | qeuew the Troll Gladiator began the quest for the Orb.
     0 | D:1      | Reached XP level 1. HP: 19/19 MP: 0/0
   141 | D:1      | Reached XP level 2. HP: 28/28 MP: 1/1
   907 | D:2      | Reached XP level 3. HP: 35/35 MP: 2/2
   984 | D:2      | Found a stormy altar of Qazlal.
  1535 | D:3      | Reached XP level 4. HP: 42/42 MP: 3/3
  1628 | D:3      | Reached skill level 4 in Unarmed Combat
  1729 | D:3      | Found a transporter.
  1732 | D:3      | Found a transporter.
  1737 | D:3      | Noticed qeuew's ghost (amateur DsFi)
  1842 | D:3      | Noticed an ogre
  1843 | D:3      | Noticed an ogre
  1844 | D:3      | Noticed an ogre
  1936 | D:4      | Reached XP level 5. HP: 46/49 MP: 4/4
  1947 | D:4      | Noticed Ijyb
  1949 | D:4      | Noticed Dowan
  1951 | D:4      | Noticed Duvessa
  1963 | D:4      | Slain by Duvessa

Illustrated notes

Levels and vault maps discovered:
D:1:      dpeg_arrival_snail, layout_loops_corners
D:2:      layout_rooms, basic_altar
D:3:      layout_loops_cross, gammafunk_ghost_smash
D:4:      layout_basic, minmay_temple_entry_stoned_glass,
          gup_sewer_entry_bubbles, uniq_duvessa, uniq_ijyb

Skill      XL: |  1  2  3  4 |
---------------+-------------+-----
Throwing       | 2 |  2.6
Fighting       | 2 |  2.3
Unarmed Combat | 4 |  4.3
Dodging        | 3 |  3.0

Action                   |  1- 3 |  4- 6 || total
-------------------------+-------+-------++-------
Melee: Unarmed           |    85 |    34 ||   119
       Punch             |     2 |     1 ||     3
  Use: Scroll            |     6 |       ||     6
       Potion            |     3 |       ||     3
 Stab: Sleeping          |     4 |     1 ||     5
Armor: Robe              |    29 |     2 ||    31
Dodge: Dodged            |    47 |    18 ||    65

Table legend: (Time is in decaauts)
 A = Elapsed time spent in this place.
 B = Non-inter-level travel time spent in this place.
 C = Inter-level travel time spent in this place.
 D = Time resting spent in this place.
 E = Time spent auto-exploring this place.
 F = Levels seen in this place.
 G = Mean time per level.
                   A        B        C        D        E       F      G
               +--------+--------+--------+--------+--------+-----+--------+
         Total |   1954 |   1867 |     87 |      0 |   1564 |   4 |  488.5 |
       Dungeon |   1954 |   1867 |     87 |      0 |   1564 |   4 |  488.5 |
               +--------+--------+--------+--------+--------+-----+--------+

Top non-repeatable levels by time:
     D:1: 897 daAuts
     D:3: 589 daAuts
     D:2: 430 daAuts
     D:4: 37 daAuts
